AoeStats
← Erickinio

Black Forest

508352536Analyzed
4v4 RM · 10d ago on Sep 22, 2026· 20m 8s· 8 players
Game mode
Random Map
Map size
Large (8 player)
Population
200
Speed
Normal
Resources
Standard
Victory
Conquest
Starting age
Dark Age
Ending age
Imperial Age
RankedLock teamsTeams togetherTeam positionsShared explorationLock speedFull tech treeHidden civsTurbo modeCheats
Victory
Defeat
🇯🇵 Japanese · Japan
905
+13
🇦🇷 Celts · Argentina
768
+19
🇺🇸 Chinese · United States
734
+20
🇨🇴 Burgundians · Colombia
696
+22
🇳🇱 Teutons · Netherlands
849
-19
🇲🇽 Persians · Mexico
830
-19
🇨🇦 Goths · Canada
822
-18
🇺🇸 Saracens · United States
816
-18
Rompe--Anos
0:26 Loom
18:45 Feudal Age
dokoenig3
13:18 Feudal Age
12:23 Loom
14:03 Double-Bit Axe
18:12 Castle Age
16:31 Loom
16:59 Fishing Lines
deadeye
0:54 Loom
16:07 Feudal Age
18:28 Forging
Big papi Nelis
9:37 Loom
15:50 Feudal Age
16:15 Horse Collar
16:22 Double-Bit Axe
17:41 Wheelbarrow
skywalkeratat
0:35 Loom
19:48 Feudal Age
REYJAGUAR4660
2:11 Loom
13:41 Horse Collar
14:31 Double-Bit Axe
15:14 Gold Mining
17:04 Wheelbarrow
21:27 Feudal Age
heat7770
0:30 Loom
10:17 Feudal Age
10:42 Horse Collar
10:51 Double-Bit Axe
11:49 Wheelbarrow
11:16 Gold Mining
11:51 Stone Mining
22:47 Castle Age
Erickinio
1:30 Loom
14:12 Feudal Age
14:57 Double-Bit Axe
18:36 Forging
19:43 Arson
Connection lost

Rejoining the realm…

Still unreachable

The connection could not be restored.

Session expired

The server has moved on; the page needs a fresh start.